 Dungeon Crawl Stone Soup version 0.29-a0-330-g52719c12eb (webtiles) character file.

Game seed: 8171836594787796985

51 Aelig the Vexing (level 3, -3/19 HPs)
             Began as a Vampire Enchanter on May 20, 2022.
             Slain by a kobold
             ... wielding a +2 dagger of electrocution
              (18 damage)
             ... on level 3 of the Dungeon.
             The game lasted 00:03:59 (1841 turns).

Aelig the Vexing (Vampire Enchanter)                Turns: 1841, Time: 00:04:00

Health: -3/19      AC:  2    Str:  7    XL:     3   Next: 58%
Magic:  6/6        EV: 12    Int: 19    God:
Gold:   85         SH:  0    Dex: 14    Spells: 2/7 levels left

rFire   . . .      SeeInvis +   a - +1 dagger
rCold   + + .      Faith    .   (no shield)
rNeg    + + +      Spirit   .   b - +0 robe
rPois   ∞          Reflect  .   (no helmet)
rElec   .          Harm     .   (no cloak)
rCorr   .          Rampage  .   (no gloves)
Will    .....                   (no boots)
Stlth   +++++.....              (no amulet)
HPRegen 0.00/turn               (no ring)
MPRegen 0.10/turn               (no ring)

@: bloodless, inhibited regen
A: bloodless, fangs 3, see invisible, vampiric 2
a: Bat Form, Revivify


You were on level 3 of the Dungeon.
You visited 1 branch of the dungeon, and saw 3 of its levels.

You collected 85 gold pieces.

Inventory:

Hand Weapons
 a - a +1 dagger (weapon)
Missiles
 i - 61 stones (quivered)
Armour
 b - a +0 robe (worn)
Scrolls
 d - a scroll of identify {unknown}
 e - a scroll of torment {unknown}
 f - 3 scrolls of teleportation {unknown}
 g - a scroll of blinking {unknown}
 h - 2 scrolls of noise {unknown}
 l - a scroll of fear {unknown}
 n - a scroll of immolation {unknown}
Potions
 c - 2 potions of invisibility
 j - a potion of cancellation {unknown}
 k - a potion of heal wounds {unknown}
 m - 2 potions of haste {unknown}
 o - 2 potions of attraction {unknown}


   Skills:
 - Level 1.1 Short Blades
 - Level 2.1 Dodging
 - Level 4.4 Stealth
 + Level 2.6 Spellcasting
 * Level 6.1 Hexes


You had 2 spell levels left.
You knew the following spells:

 Your Spells              Type           Power      Damage    Failure   Level
a - Ensorcelled Hibernat  Hex/Ice        28%        N/A       7%          2
b - Confusing Touch       Hex            25%        N/A       3%          3

Your spell library contained the following spells:

 Spells                   Type           Power      Damage    Failure   Level
 Tukima's Dance           Hex            25%        N/A       3%          3
 Cause Fear               Hex            12%        N/A       13%         4
 Dazzling Flash           Conj/Hex       28%        N/A       14%         3
 Inner Flame              Hex/Fire       14%        N/A       14%         3
 Discord                  Hex            12%        N/A       100%        8


Dungeon Overview and Level Annotations

Branches:
Dungeon (3/15)

Altars:


Innate Abilities, Weirdness & Mutations

You do not regenerate when monsters are visible.
You are frail without blood (-20% HP).
You can heal yourself when you bite living creatures.
You are immune to poison.
You have razor-sharp teeth.
You have supernaturally acute eyesight. (SInv)
You are afflicted with vampirism and can become a bat while bloodless.


Message History

You open the door.
There is an open door here.
Partly explored, can't reach some places.
Partly explored, can't reach some places.
There is an open door here.
There is a stone staircase leading up here.
There is a stone staircase leading down here.
You climb downwards.
Found a dagger.
Found a stone staircase leading up.
There is a stone staircase leading up here.
The kobold shouts!
There is a stone staircase leading up here.
Casting: Ensorcelled Hibernation (safe; 7% risk of failure)
Confirm with . or Enter, or press ? or * to list all spells.
Aiming: Ensorcelled Hibernation (safe; 7% risk of failure)
Press: ? - help, Shift-Dir - straight line, f - kobold
Aim: a kobold, wielding a +0 short sword and quivering stones (chance to affect: 65%)
You miscast Ensorcelled Hibernation.
You are very lightly contaminated with residual magic.
Nothing appears to happen.
You hit the kobold.
The kobold is severely wounded.
You hit the kobold.
You kill the kobold!
No target in view!
i - 61 stones (gained 5)
Things that are here:
a +0 short sword; a kobold corpse You see here a +0 dagger.
Your magical contamination has completely faded away.
Magic restored.
A kobold comes into view.
It is wielding a +2 dagger of electrocution.
The kobold shouts!
The kobold hits you but does no damage.
You hit the kobold.
The kobold is heavily wounded.
The kobold hits you with a +2 dagger of electrocution.
You are electrocuted!!
Ouch! That really hurt!
You die...

#.# #.#
#.# #.#
#.# #.#
#.#
########.#
......K@.#
#.########


You could see a kobold.

Vanquished Creatures
  A worm (D:2)
  2 dart slugs (D:1)
  3 endoplasms
  2 giant cockroaches (D:1)
  4 hobgoblins
  4 jackals
  A quokka (D:1)
  5 ball pythons (D:1)
  5 bats
  A frilled lizard (D:1)
  2 goblins (D:1)
  7 kobolds
  7 rats
44 creatures vanquished.

Notes
Turn   | Place    | Note
-------+----------+-------------------------------------------
     0 | D:1      | Aelig the Vampire Enchanter began the quest for the Orb.
     0 | D:1      | Reached XP level 1. HP: 13/13 MP: 3/3
   236 | D:1      | Reached skill level 5 in Hexes
   276 | D:1      | Reached XP level 2. HP: 18/19 MP: 5/5
   407 | D:1      | Learned a level 2 spell: Ensorcelled Hibernation
   825 | D:1      | Gained mutation: You are afflicted with vampirism and can
                  | become a bat while bloodless. [Vampire growth]
   825 | D:1      | Reached XP level 3. HP: 24/24 MP: 1/6
   829 | D:1      | Learned a level 3 spell: Confusing Touch
   881 | D:1      | Found a faded altar of an unknown god.
  1348 | D:2      | Reached skill level 6 in Hexes
  1841 | D:3      | Slain by a kobold

Illustrated notes

Levels and vault maps discovered:
D:1:      sevenhm_arrival_forest_fort_small_6, layout_loops_ring,
          shapermc_ecumenical_altar_hornbeckon, minmay_heptomino_d4
D:2:      layout_basic, uniq_crazy_yiuf_cottage
D:3:      layout_loops_ring, serial_shops, shop, hangedman_abyss_or_decor_stabs,
          minivault_14, uniq_sigmund

Skill      XL: |  1  2  3 |
---------------+----------+-----
Hexes          | 5 6 |  6.1
Short Blades   | |  1.1
Dodging        | |  2.1
Stealth        | |  4.4
Spellcasting   | |  2.6

Action                   || total
-------------------------++-------
Melee: Dagger            ||   117
       Bite              ||    11
 Cast: Ensorcelled Hiber ||    14
 Abil: Exsanguinate      ||     1
 Stab: Sleeping          ||    17
       Distracted        ||     1
Armor: Robe              ||    27
Dodge: Dodged            ||    73

Table legend: (Time is in decaauts)
 A = Elapsed time spent in this place.
 B = Non-inter-level travel time spent in this place.
 C = Inter-level travel time spent in this place.
 D = Time resting spent in this place.
 E = Time spent auto-exploring this place.
 F = Levels seen in this place.
 G = Mean time per level.
                   A        B        C        D        E       F      G
               +--------+--------+--------+--------+--------+-----+--------+
         Total |   1843 |   1693 |    150 |    162 |   1013 |   3 |  614.3 |
       Dungeon |   1843 |   1693 |    150 |    162 |   1013 |   3 |  614.3 |
               +--------+--------+--------+--------+--------+-----+--------+

Top non-repeatable levels by time:
     D:1: 1057 daAuts
     D:2: 746 daAuts
     D:3: 40 daAuts
